 Dungeon Crawl Stone Soup version 0.27.1-1-g398f81649c (webtiles) character file.

Game seed: 4952960250030729897

13699 Tinkle the Severer (level 11, -5/86 HPs)
             Began as a Minotaur Berserker on Sept 3, 2021.
             Was a High Priest of Trog.
             Succumbed to a death drake's dark miasma
             ... in a Gauntlet on Sept 7, 2021.
             The game lasted 01:15:07 (14245 turns).

Tinkle the Severer (Minotaur Berserker)            Turns: 14245, Time: 01:15:08

Health: -5/86      AC: 27    Str: 28    XL:     11   Next: 79%
Magic:  10/10      EV:  8    Int:  5    God:    Trog [*****.]
Gold:   600        SH: 18    Dex:  9    Spells: 10/10 levels left

rFire    + . .     SeeInvis .   a - +5 broad axe of Arbitration {venom, rF+ rCorr}
rCold    . . .     Faith    .   e - +0 kite shield
rNeg     + + .     Spirit   .   r - +5 crystal plate armour
rPois    .         Reflect  +   (helmet restricted)
rElec    .         Harm     .   J - +0 cloak
rCorr    +         Rampage  .   z - +4 pair of gloves "Toyzec" {rN+ Will+ Slay-2}
Will     +....     NoTele   +   y - +0 pair of boots
Stlth    ..........             k - amulet of reflection
HPRegen  0.24/turn              w - ring "Gosos" {rN+ rCorr Str+3}
MPRegen  0.12/turn              D - +4 ring of evasion

@: lethally poisoned (-5 -> -29), slowed, very slow
A: horns 2, retaliatory headbutt
a: Renounce Religion, Berserk, Trog's Hand, Brothers in Arms


You were in a Gauntlet.
You worshipped Trog.
Trog was extremely pleased with you.
You visited 2 branches of the dungeon, and saw 11 of its levels.
You also visited: Gauntlet.

You collected 749 gold pieces.
You spent 149 gold pieces at shops.

Inventory:

Hand Weapons
 a - the +5 broad axe of Arbitration (weapon) {venom, rF+ rCorr}
   (You acquired it on level 7 of the Dungeon)

   It poisons the flesh of those it strikes.
   rF:        It protects you from fire.
   rCorr:     It protects you from acid and corrosion.
 b - a +5 mace
 h - a +2 spectral war axe
Missiles
 f - 37 poisoned darts (quivered)
 E - a curare-tipped dart
Armour
 e - a +0 kite shield (worn)
 i - +0 steam dragon scales
 l - a +0 plate armour of fire resistance
 r - a +5 crystal plate armour (worn)
 y - a +0 pair of boots (worn)
 z - the +4 pair of gloves "Toyzec" (worn) {rN+ Will+ Slay-2}
   (You acquired it on level 7 of the Dungeon)

   Slay:      It affects your accuracy & damage with ranged weapons and melee
   (-2).
   rN:        It protects you from negative energy.
   Will:      It increases your willpower.
 J - a +0 cloak (worn)
Jewellery
 g - a ring of positive energy
 k - an amulet of reflection (around neck)
 w - the ring "Gosos" (left hand) {rN+ rCorr Str+3}
   (You found it on level 4 of the Dungeon)

   [ring of positive energy]

   Str:       It affects your strength (+3).
   rN:        It protects you from negative energy.
   rCorr:     It protects you from acid and corrosion.
 x - an amulet of guardian spirit
 D - a +4 ring of evasion (right hand)
 I - a ring of positive energy
 P - a ring of magical power
Wands
 n - a wand of polymorph (12)
 t - a wand of flame (81)
 A - a wand of acid (8)
 F - a wand of mindburst (13)
 G - a wand of paralysis (26)
 K - a wand of charming (7)
Scrolls
 s - 2 scrolls of immolation
 u - 2 scrolls of teleportation
 B - a scroll of summoning
Potions
 c - a potion of berserk rage {unknown}
 d - 4 potions of heal wounds
 j - 5 potions of haste
 m - 2 potions of lignification
 o - 2 potions of might
 p - 2 potions of degeneration {unknown}
 q - 2 potions of curing
 v - 3 potions of flight
 C - a potion of brilliance
 H - 2 potions of mutation {unknown}
 L - a potion of invisibility
 N - a potion of resistance {unknown}
 O - 7 potions of ambrosia
Miscellaneous
 M - a condenser vane


   Skills:
 - Level 5.0 Fighting
 + Level 17.9 Axes
 - Level 2.4 Armour
 - Level 2.1 Dodging
 + Level 11.8 Shields


You had 10 spell levels left.
You didn't know any spells.
Your spell library was empty.

Dungeon Overview and Level Annotations

Branches:
Dungeon (10/15)            Temple (0/1) D:4            Lair (1/6) D:8
    Orc (0/2) D:10        Gauntlet (1/1)

Altars:
Ashenzari
Dithmenos
Fedhas
Kikubaaqudgha
Makhleb
Okawaru
Trog
Wu Jian
Yredelemnul
Beogh

Shops:
D:3 =   D:6 [   D:7 *

Portals:
Abyss: D:6

Annotations:
D:6 2 transporters, Golfball's ghost, novice TrMo
D:9 exclusions: ice statue and obsidian statue Gauntlet 11 transporters


Innate Abilities, Weirdness & Mutations

You have a pair of horns on your head.
You reflexively headbutt those who attack you in melee.


Message History

Trog accepts your kill. The death drake breathes miasma at you.
The foul vapour engulfs you but does no damage.
You are engulfed in dark miasma.
You are poisoned.
You feel very sick. You block the death drake's attack.
You slash the death drake!
The death drake is lightly wounded.
You are engulfed in dark miasma.
You are more poisoned.
You feel very sick. You block the death drake's attack.
You barely miss the death drake.
The death drake is lightly wounded.
You feel very sick. The death drake breathes miasma at you.
The foul vapour engulfs you but does no damage.
You hit the death drake.
The death drake is lightly wounded.
You are engulfed in dark miasma.
You are more poisoned.
You feel extremely sick.
The death drake bites you but does no damage.
You miss the death drake. Your headbutt misses the death drake.
The death drake is lightly wounded.
You are engulfed in dark miasma.
You are lethally poisoned!
You feel yourself slow down.
You feel extremely sick.
The death drake bites you but does no damage.
* * * LOW HITPOINT WARNING * * *
You feel extremely sick. The death drake breathes miasma at you.
The foul vapour engulfs you!
You are more poisoned.
* * * LOW HITPOINT WARNING * * *
Okay, then.
You feel better.
You are engulfed in dark miasma.
You are lethally poisoned!
* * * LOW HITPOINT WARNING * * *
You die...

.##...#§.............≈.§.........
#.8.#..###########...##########
#...#..#..")©.Z..#...#........)
...8.####..##.##..#...#..##.##..
.##.....©#.#..#..#.#...#.##...##.
#.8.####.#..#..#.#.###.#.....#.
#...#..#..#####°.#.#©#©...©.)..
#≈8≈#..#.#..#©°#°#.#.#.#.....#.
#..#.#..#k@#°#.#.#[##...##.
#..#..##.##°°#.#.#..##.##..
#..#....°.°°°#.#.#.........
###..#############.##########
#8#......#©........#§≈≈≈8≈≈§§
###§.....#########.##########
#####..........#.#p5.....5.
#8#..........#.#5##.##.#.
###########..#.#!.#..#...


You could see a death drake.

Vanquished Creatures
  A two-headed ogre (D:8)
  Pikel (D:9)
  2 cyclopes
  A smoke demon (Gauntlet)
  Maurice (D:9)
  Joseph (D:8)
  An ice devil (Gauntlet)
  A red devil (Gauntlet)
  A queen bee (Lair:1)
  Prince Ribbit (D:7)
  2 hornets
  A spectral meliai (Gauntlet)
  A shadow (D:9)
  Eustachio (D:4)
  10 yaks
  3 wyverns
  A basilisk (Lair:1)
  2 steam dragons (D:7)
  3 vampire mosquitoes (D:10)
  Menkaure (D:7)
  4 water moccasins
  9 orc warriors
  Duvessa (D:4)
  4 sky beasts
  An ice beast (D:6)
  2 necrophages
  4 centaurs
  2 ogres
  4 phantoms
  A lemure (D:9)
  3 kobold brigands
  9 bullfrogs
  3 scorpions
  Dowan (D:4)
  19 killer bees (Lair:1)
  15 wights
  5 howler monkeys
  2 crimson imps (Gauntlet)
  2 centaur zombies
  A bullfrog zombie (D:6)
  5 orc priests
  A jelly (D:6)
  A bullfrog skeleton (D:6)
  2 hounds (D:6)
  2 centaur skeletons
  Ijyb (D:4)
  An iguana (D:4)
  5 orc wizards
  A killer bee zombie (D:7)
  The ghost of hawla the Sneak, a weakling DEDe (D:4)
  2 hound skeletons (D:4)
  A howler monkey zombie (D:6)
  9 adders
  7 gnolls
  A shadow imp (D:6)
  5 white imps
  2 ufetubi (D:6)
  2 worms
  2 dart slugs
  44 orcs
  4 bats
  7 endoplasms
  6 giant cockroaches
  10 goblins
  6 hobgoblins
  4 jackals
  2 quokkas
  10 ball pythons
  2 frilled lizards
  22 kobolds
  3 rats
299 creatures vanquished.

Vanquished Creatures (others)
  An orc (D:7)
  A kobold (D:6)
  5 fungi (Lair:1)
7 creatures vanquished.

Grand Total: 306 creatures vanquished

Notes
Turn   | Place    | Note
-------+----------+-------------------------------------------
     0 | D:1      | Tinkle the Minotaur Berserker began the quest for the Orb.
     0 | D:1      | Reached XP level 1. HP: 19/19 MP: 0/0
   138 | D:1      | Reached skill level 4 in Axes
   138 | D:1      | Reached XP level 2. HP: 27/27 MP: 1/1
   466 | D:1      | Found a faded altar of an unknown god.
   593 | D:1      | Reached XP level 3. HP: 34/34 MP: 2/2
   663 | D:1      | Reached ** piety under Trog
   920 | D:2      | Reached XP level 4. HP: 41/41 MP: 3/3
   922 | D:2      | Reached skill level 5 in Fighting
   933 | D:2      | Reached skill level 5 in Axes
  1765 | D:3      | Reached skill level 6 in Axes
  1765 | D:3      | Reached XP level 5. HP: 31/48 MP: 4/4
  2088 | D:3      | Reached *** piety under Trog
  2402 | D:3      | Found Araep's Jewellery Shoppe.
  2840 | D:4      | Noticed a phantom
  2857 | D:4      | Killed a phantom
  2858 | D:4      | Reached skill level 7 in Axes
  2858 | D:4      | Reached XP level 6. HP: 50/56 MP: 5/5
  2958 | D:4      | Noticed Eustachio
  3338 | D:4      | Killed Eustachio
  3339 | D:4      | Reached skill level 8 in Axes
  3422 | D:4      | You fall into a shaft and drop 3 floors!
  3422 | D:7      | Noticed a water moccasin
  3451 | D:7      | Reached skill level 9 in Axes
  3451 | D:7      | Reached XP level 7. HP: 61/61 MP: 6/6
  3528 | D:7      | Reached skill level 10 in Axes
  3528 | D:7      | Found an ancient bone altar of Kikubaaqudgha.
  3698 | D:7      | Noticed a steam dragon
  4189 | D:6      | Found Wimics's Antique Armour Boutique.
  4216 | D:6      | Reached skill level 1 in Shields
  4231 | D:6      | Reached XP level 8. HP: 65/65 MP: 7/7
  4239 | D:6      | Reached skill level 11 in Axes
  4407 | D:5      | Entered Level 5 of the Dungeon
  4757 | D:4      | Found a runed translucent door.
  4771 | D:4      | Noticed hawla's ghost (weakling DEDe)
  4816 | D:4      | Noticed Ijyb
  4823 | D:4      | Killed Ijyb
  4977 | D:4      | Identified the ring "Gosos" {rN+ rCorr Str+3}
  5008 | D:4      | Found a staircase to the Ecumenical Temple.
  5030 | D:4      | Noticed Dowan
  5032 | D:4      | Noticed Duvessa
  5055 | D:4      | Identified the +7 shortbow of Prudence {freeze, rPois SInv}
  5080 | D:4      | Killed Dowan
  5081 | D:4      | Reached skill level 12 in Axes
  5193 | D:4      | Killed Duvessa
  5415 | D:4      | Found an ornate altar of the Wu Jian Council.
  5456 | D:4      | Killed hawla's ghost
  5628 | D:5      | Found Vext's General Store.
  5639 | D:5      | Found a blossoming altar of Fedhas.
  5664 | D:5      | Reached XP level 9. HP: 55/74 MP: 8/8
  5759 | D:5      | Found a basalt altar of Yredelemnul.
  5783 | D:5      | Reached skill level 13 in Axes
  6134 | D:5      | Identified the +4 robe "Renex" {Slay+2}
  6250 | D:6      | Reached **** piety under Trog
  6557 | D:6      | Reached skill level 14 in Axes
  6715 | D:6      | Found a large runed translucent door.
  6715 | D:6      | Found a large runed translucent door.
  6721 | D:6      | Noticed a cyclops
  6726 | D:6      | Found a large runed translucent door.
  6726 | D:6      | Found a large runed translucent door.
  6925 | D:6      | Reached skill level 15 in Axes
  7049 | D:6      | Found a transporter.
  7053 | D:6      | Found a transporter.
  7053 | D:6      | Noticed a rakshasa
  7061 | D:6      | Noticed a toenail golem
  7108 | D:6      | Noticed Golfball's ghost (novice TrMo)
  7109 | D:6      | Found a one-way gate to the infinite horrors of the Abyss.
  7304 | D:6      | Found a bloodstained altar of Trog.
  7395 | D:6      | Identified 3 scrolls of acquirement
  7395 | D:6      | Acquired a +1 crystal plate armour
  7445 | D:6      | Killed a cyclops
  7446 | D:6      | Reached XP level 10. HP: 81/81 MP: 9/9
  7632 | D:6      | Bought a kite shield for 121 gold pieces
  8001 | D:7      | Identified the +1 leather armour of Wuqammi {rF- Dex+7}
  8192 | D:7      | Reached ***** piety under Trog
  8251 | D:7      | Noticed Prince Ribbit
  8367 | D:7      | Killed Prince Ribbit
  8368 | D:7      | Reached skill level 5 in Shields
  8431 | D:7      | Reached skill level 16 in Axes
  9191 | D:7      | Acquired the +4 pair of gloves "Toyzec" {rN+ Will+ Slay-2}
  9203 | D:7      | Acquired the +5 broad axe of Arbitration {venom, rF+ rCorr}
  9323 | D:7      | Noticed Menkaure
  9326 | D:7      | Killed Menkaure
  9481 | D:7      | Found Nufraok's General Store.
  9487 | D:7      | Bought a scroll of identify for 28 gold pieces
  9659 | D:8      | Noticed a cyclops
  9670 | D:8      | Killed a cyclops
  9754 | D:8      | Found a staircase to the Lair.
  9893 | D:8      | Noticed a two-headed ogre
  9908 | D:8      | Killed a two-headed ogre
  9980 | D:8      | Upgraded the game from 0.27.1 to 0.27.1-1-g398f81649c
 10322 | D:8      | Noticed Joseph
 10348 | D:8      | Killed Joseph
 10349 | D:8      | Reached XP level 11. HP: 72/86 MP: 10/10
 10706 | D:9      | Found a burning altar of Makhleb.
 10707 | D:9      | Found an iron altar of Okawaru.
 11130 | D:9      | Noticed Maurice
 11130 | D:9      | Noticed Pikel
 11179 | D:9      | Killed Pikel
 11180 | D:9      | Reached skill level 17 in Axes
 11180 | D:9      | Reached skill level 10 in Shields
 11207 | D:9      | Noticed an obsidian statue
 11243 | D:9      | Killed Maurice
 11290 | D:9      | Found a broken altar of Ashenzari.
 11571 | D:10     | Entered Level 10 of the Dungeon
 12756 | D:10     | Found a shadowy altar of Dithmenos.
 12840 | D:10     | Found a staircase to the Orcish Mines.
 13062 | Lair:1   | Entered Level 1 of the Lair of Beasts
 13349 | Lair:1   | Found a gate leading to a gauntlet.
 13360 | Gauntlet | Entered a Gauntlet
 13360 | Gauntlet | Found a transporter.
 13360 | Gauntlet | Found a transporter.
 13364 | Gauntlet | Found a transporter.
 13364 | Gauntlet | Found a transporter.
 13367 | Gauntlet | Noticed a harpy
 13368 | Gauntlet | a harpy changed into a hog
 13371 | Gauntlet | Noticed a necromancer
 13373 | Gauntlet | Noticed a harpy
 13373 | Gauntlet | a hog changed into a harpy
 13375 | Gauntlet | Found a transporter.
 13382 | Gauntlet | Found a transporter.
 13391 | Gauntlet | Found a transporter.
 13392 | Gauntlet | Noticed a necromancer
 13393 | Gauntlet | Found a transporter.
 13393 | Gauntlet | Found a transporter.
 13393 | Gauntlet | Noticed a death yak
 13393 | Gauntlet | Noticed a death yak
 13395 | Gauntlet | Noticed a death yak
 13395 | Gauntlet | Noticed a death yak
 13397 | Gauntlet | Found a transporter.
 13397 | Gauntlet | Noticed a death yak
 13397 | Gauntlet | Noticed a death yak
 13404 | Gauntlet | Noticed a death drake
 13431 | Gauntlet | Found a transporter.
 13444 | Gauntlet | Noticed a swamp dragon
 13445 | Gauntlet | a swamp dragon changed into a cyclops
 13449 | Gauntlet | Found a transporter.
 13474 | Gauntlet | Noticed a lindwurm
 13474 | Gauntlet | a cyclops changed into a lindwurm
 13494 | Gauntlet | Found a transporter.
 13497 | Gauntlet | Noticed a necromancer
 13512 | Gauntlet | Found the +4 Cigotuvi's embrace {rMiasma Drain rN+}
 13515 | Gauntlet | Found a transporter.
 13567 | Gauntlet | Noticed a deep troll
 13588 | Gauntlet | Noticed an anaconda
 13588 | Gauntlet | a deep troll changed into an anaconda
 13610 | Gauntlet | Found a transporter.
 13624 | Gauntlet | Noticed a wizard
 13630 | Gauntlet | Found a transporter.
 13715 | Gauntlet | Noticed a satyr
 13732 | Gauntlet | a satyr changed into a tyrant leech
 13778 | Gauntlet | Noticed a four-headed hydra
 13778 | Gauntlet | Noticed a spark wasp
 13778 | Gauntlet | a four-headed hydra changed into a spark wasp
 14016 | Gauntlet | Received a gift from Trog
 14245 | Gauntlet | HP: 3/86 [death drake] (15)]
 14245 | Gauntlet | Succumbed to a death drake's dark miasma

Illustrated notes

Levels and vault maps discovered:
D:1:      dpeg_arrival_arbitrary_b, layout_rooms,
          chequers_ecumenical_altar_simple_redux, minmay_misc_feat_rugged
D:2:      layout_basic
D:3:      layout_basic, serial_shops, nicolae_shop_waterfront
D:4:      layout_basic, mainiacjoe_overflow_chevrons,
          minmay_temple_entry_stoned_glass, ebering_ghost_sewer_d,
          uniq_eustachio, uniq_ijyb, uniq_duvessa
D:5:      layout_basic, lemuel_round_altar, yredelemnul_altar_generic,
          serial_shops, shop, grunt_decor_arrowhead
D:6:      layout_cave_pools, lemuel_tele_altar, serial_shops, shop_statue,
          gammafunk_ghost_abyssal_escape, minmay_hollow_rounded_squares
D:7:      layout_basic, nicolae_kikubaaqudgha_miasma_corner, serial_shops, shop,
          hangedman_misty_isle, uniq_menkaure, uniq_prince_ribbit1
D:8:      layout_gridville, lair_entry_dummy, special_room [special_room_orc],
          uniq_joseph
D:9:      minmay_separated_statues, layout_irregular_city,
          gammafunk_temple_overflow_statue, nicolae_ashenzari_skybound,
          uniq_pikel, uniq_maurice
D:10:     layout_roguey, grunt_dithmenos_smoke_and_mirrors, orc_0_dummy
Lair:1:   layout_long_grid, special_room [special_room_bee],
          gauntlet_entry_generic, beast_lair_carwin_6, uniq_urug
Gauntlet: gammafunk_gauntlet_branching [nicolae_gauntlet_arena_blocks,
          nicolae_gauntlet_arena_flowing_pool, nicolae_gauntlet_arena_grate_2,
          gammafunk_gauntlet_arena_split_diamond,
          nicolae_gauntlet_arena_t_cross, gammafunk_gauntlet_arena_chambers,
          nicolae_gauntlet_arena_quarters, gammafunk_gauntlet_arena_teeth,
          gauntlet_exit_hidden_loot]

Skill      XL: |  1  2  3  4  5  6  7  8  9 10 11 |
---------------+----------------------------------+-----
Fighting       | 4 5 |  5.0
Axes           | 4 6 7 9 10 12 15 16 17 | 17.9
Shields        | 2 4 9 11 | 11.8
Armour         | |  2.4
Dodging        | |  2.1

Action                   |  1- 3 |  4- 6 |  7- 9 | 10-12 || total
-------------------------+-------+-------+-------+-------++-------
Melee: Hand axe          |    49 |   148 |    62 |       ||   259
       Headbutt          |     8 |    24 |    52 |    56 ||   140
       War axe           |       |       |   224 |   118 ||   342
       Broad axe         |       |       |       |   292 ||   292
Throw: Dart              |       |     5 |    12 |    23 ||    40
Invok: Berserk           |       |     2 |     3 |     1 ||     6
       Trog's Hand       |       |     1 |     1 |       ||     2
  Use: Scroll            |       |     4 |     5 |    17 ||    26
       Potion            |       |       |       |     1 ||     1
Armor: Animal skin       |     2 |       |       |       ||     2
       Scale mail        |    10 |    12 |       |       ||    22
       Plate armour      |       |   108 |   108 |     3 ||   219
       Crystal plate arm |       |       |       |   130 ||   130
Dodge: Dodged            |    31 |    75 |    58 |    70 ||   234
Block: Other             |       |    25 |     8 |     1 ||    34
       Buckler           |       |       |   100 |       ||   100
       Reflection        |       |       |    10 |    12 ||    22
       Kite shield       |       |       |       |   268 ||   268
